 Dungeon Crawl Stone Soup version 0.23.2-1-ga50397a6bc (webtiles) character file.

Game seed: 2354904746663264898

159355 Peloso the Peltast (level 17, -6/158 HPs)
             Began as a Minotaur Fighter on Apr 14, 2019.
             Was the Champion of Okawaru.
             Mangled by a chaos spawn (17 damage)
             ... on level 3 of the Abyss.
             The game lasted 01:36:39 (35861 turns).

Peloso the Peltast (Minotaur Fighter)              Turns: 35861, Time: 01:36:39

Health: -6/158     AC: 27    Str: 26    XL:     17   Next: 16%
Magic:  19/19      EV: 12    Int: 12    God:    Okawaru [******]
Gold:   2745       SH: 24    Dex: 12    Spells: 16/16 levels left

rFire    . . .     SeeInvis +   b - +5 scimitar of the Sun {elec, rPois Int+2}
rCold    + . .     Gourm    +   I - +8 shield of the Hidden Wonders {rCorr Int+5}
rNeg     . . .     Faith    .   A - +4 chain mail {rC+}
rPois    +         Spirit   .   Q - +1 hat
rElec    .         Reflect  .   B - scarf {repulsion}
rCorr    +         Harm     .   u - +0 pair of gloves
MR       +....                  M - +2 pair of boots {Fly}
Stlth    ..........             O - amulet of the gourmand
HPRegen  0.00/turn              (no ring)
MPRegen  0.16/turn              F - +2 ring of slaying

@: flying, non-regenerating, diseased, repel missiles
A: retaliatory headbutt, horns 2, molten scales 1, thin metallic scales 1, see
invisible
a: Heroism, Finesse, Renounce Religion, Stop Flying


You were on level 3 of the Abyss.
You worshipped Okawaru.
Okawaru was exalted by your worship.
You were very full.

You visited 5 branches of the dungeon, and saw 27 of its levels.
You visited the Abyss 1 time.
You also visited: Ice Cave.

You collected 2790 gold pieces.
You spent 45 gold pieces at shops.

Inventory:

Hand Weapons
 a - the +10 falchion of Inflation {antimagic, rElec MR- Int+6}
   (You found it on level 6 of the Dungeon)

   It reduces the magical energy of the wielder, and disrupts the spells and
   magical abilities of those hit.
   Natural abilities and divine invocations are not affected.
   It affects your intelligence (+6).
   It insulates you from electricity.
   It affects your resistance to hostile enchantments.
 b - the +5 scimitar of the Sun (weapon) {elec, rPois Int+2}
   (Okawaru gifted it to you on level 4 of the Lair of Beasts)

   Occasionally, upon striking a foe, it will discharge some electrical energy
   and cause terrible harm.
   It affects your intelligence (+2).
   It protects you from poison.
 t - a +0 scimitar of flaming
 v - a +1 demon blade of electrocution
 C - a +2 eudemon blade of holy wrath
 X - the +3 demon blade of the Revolution {antimagic, rPois rF- Dex+3, unknown}
   (Okawaru gifted it to you on level 3 of the Abyss)

   It reduces the magical energy of the wielder, and disrupts the spells and
   magical abilities of those hit.
   Natural abilities and divine invocations are not affected.
   It affects your dexterity (+3).
   It makes you vulnerable to fire.
   It protects you from poison.
Armour
 c - a +0 large shield of cold resistance
 u - a +0 pair of gloves (worn)
 A - a +4 chain mail of cold resistance (worn)
 B - a scarf of repulsion (worn)
 D - a +0 shield of protection
 I - the +8 shield of the Hidden Wonders (worn) {rCorr Int+5}
   (Okawaru gifted it to you on level 1 of the Spider Nest)

   It affects your intelligence (+5).
   It provides partial protection from all sources of acid and corrosion.
 M - a +2 pair of boots of flying (worn)
 Q - a +1 hat (worn)
Jewellery
 q - an uncursed amulet of regeneration
 r - an uncursed ring of resist corrosion
 E - a +4 ring of protection
 F - a +2 ring of slaying (right hand)
 O - an amulet of the gourmand (around neck)
 S - an uncursed ring of protection from magic {unknown}
 V - a +5 ring of dexterity
 W - an uncursed amulet of faith {unknown}
Scrolls
 e - 9 scrolls of remove curse
 j - 2 scrolls of enchant weapon
 k - 4 scrolls of blinking
 m - 6 scrolls of fear {unknown}
 n - a scroll of identify
 o - 5 scrolls of teleportation
 s - 5 scrolls of magic mapping
 w - a scroll of silence
 x - 4 scrolls of fog {unknown}
 y - 5 scrolls of amnesia
 G - a scroll of summoning
 N - a scroll of noise
 P - 4 scrolls of immolation {unknown}
 Z - 4 scrolls of enchant armour {unknown}
Potions
 d - 4 potions of might
 g - a potion of haste
 h - 4 potions of invisibility
 i - 2 potions of curing
 l - 9 potions of flight
 p - a potion of berserk rage
 z - a potion of heal wounds
 J - a potion of brilliance
 K - 3 potions of agility
 T - a potion of magic
 U - a potion of resistance
 Y - a potion of mutation
Miscellaneous
 H - a fan of gales
 L - a fan of gales
 R - a crystal ball of energy
Comestibles
 f - 56 rations


   Skills:
 + Level 15.9 Fighting
 + Level 17.8 Long Blades
 + Level 15.1 Armour
 + Level 6.8 Dodging
 + Level 3.0 Stealth
 + Level 20.5 Shields
 + Level 0.1 Unarmed Combat
 + Level 4.1 Invocations
 + Level 0.9 Evocations


You had 16 spell levels left.
You didn't know any spells.
Your spell library contained the following spells:

 Spells                   Type           Power        Failure   Level  Hunger
 Animate Skeleton         Necr           N/A          77%         1    ##.....
 Magic Dart               Conj           #...         77%         1    ##.....
 Pain                     Necr           #...         77%         1    ##.....
 Sting                    Conj/Pois      #...         77%         1    ##.....
 Blink                    Tloc           N/A          88%         2    ###....
 Call Imp                 Summ           #.......     88%         2    ###....
 Corpse Rot               Necr           N/A          88%         2    ###....
 Poisonous Vapours        Pois/Air       #.....       88%         2    ###....
 Searing Ray              Conj           #.....       88%         2    ###....
 Slow                     Hex            #.......     88%         2    ###....
 Sublimation of Blood     Necr           #.........   88%         2    ###....
 Conjure Flame            Conj/Fire      #.......     98%         3    ####...
 Dazzling Spray           Conj/Hex       #.....       98%         3    ####...
 Ignite Poison            Fire/Tmut/Pois #.......     98%         3    ####...
 Mephitic Cloud           Conj/Pois/Air  #.......     98%         3    ####...
 Regeneration             Chrm/Necr      #.........   98%         3    ####...
 Vampiric Draining        Necr           #.........   98%         3    ####...
 Animate Dead             Necr           N/A          100%        4    #####..
 Force Lance              Conj/Tloc      #.......     100%        4    #####..
 Fulminant Prism          Conj/Hex       #.........   100%        4    #####..
 Iskenderun's Mystic Bla  Conj           #.......     100%        4    #####..
 Olgreb's Toxic Radiance  Pois           #.......     100%        4    #####..
 Agony                    Necr           #.......     100%        5    ######.
 Bolt of Draining         Conj/Necr      #.........   100%        5    ######.
 Dispel Undead            Necr           #.......     100%        5    ######.
 Excruciating Wounds      Chrm/Necr      #.........   100%        5    ######.
 Venom Bolt               Conj/Pois      #.........   100%        5    ######.
 Disjunction              Tloc           #.........   100%        8    #######


Dungeon Overview and Level Annotations

Branches:
Dungeon (15/15)            Temple (1/1) D:4            Lair (6/6) D:11
 Shoals (0/4) Lair:4       Spider (3/4) Lair:3        Slime (0/5) Lair:5
    Orc (2/2) D:10            Elf (0/3) Orc:2        Vaults (0/5) D:13
 Depths (0/5) D:15

Altars:
Ashenzari
Cheibriados
Dithmenos
Elyvilon
Fedhas
Gozag
Hepliaklqana
Makhleb
Nemelex Xobeh
Okawaru
Qazlal
Ru
Sif Muna
Trog
Uskayaw
Vehumet
Wu Jian
Yredelemnul
Zin
The Shining One
Beogh
Jiyva

Shops:
D:10 *   D:12 %   D:14 *   Orc:2 :%:*(

Portals:
Pandemonium: Orc:2

Annotations:
Lair:1 exclusion: oklob plant
Spider:3 Louise


Innate Abilities, Weirdness & Mutations

You reflexively headbutt those who attack you in melee.
You have a pair of horns on your head.
You are partially covered in molten scales. (AC +2)
You are partially covered in thin metallic scales. (AC +2)
You have supernaturally acute eyesight. (SInv)


Message History

The ancient zyme is heavily damaged.
You block the ancient zyme's attack. x2
A chaos spawn comes into view.
You block the iron imp's attack.
You slash the ancient zyme!
Lightning courses through the ancient zyme!
You headbutt the ancient zyme.
The ancient zyme is almost destroyed.
The ancient zyme hits you but does no damage. x2
You block the spatial maelstrom's attack.
The spatial maelstrom hits you but does no damage.
A starspawn tentacle comes into view.
You slash the ancient zyme!
You destroy the ancient zyme!
Okawaru accepts your kill.
You block the spatial maelstrom's attack. x2
You block the iron imp's attack. The chaos spawn hits you.
* * * LOW HITPOINT WARNING * * *
Space warps horribly around you!
You die...

...### #.. ..
.....G#
...#.w..X#
.......#.#
..<.│.#..
...│...G#
v....\W.X##
#w.35### #
#.#..v@.# #...
..###.v..4#...##
................
.
####.##..#.#...
.. #.##.###.....
.. #......#..#.#
.. #####. #. .
## # ....... .
... # .. ###
#.####..## .#.


You could see a spatial maelstrom, a glowing orange brain, a spatial vortex, a
large abomination, a freezing wraith, a ynoxinul, a chaos spawn, 2 starspawn
tentacles and an iron imp.

Vanquished Creatures
  A bone dragon (Abyss:3)
  Jorgrun (D:15)
  Rupert (D:13)
  A tentacled starspawn (Abyss:3)
  Roxanne (D:15)
  A daeva (Abyss:3)
  An emperor scorpion (Spider:2)
  An entropy weaver (Spider:2)
  Nessos (D:13)
  3 spark wasps
  A white draconian (IceCv)
  Snorg (D:10)
  The ghost of Zoluav the Grappler, a journeyman TrMo of the Shining One (Lair:2)
  A fire dragon (Lair:6)
  A rakshasa (Abyss:3)
  Harold (D:7)
  5 hydras
  A vault guard (D:13)
  Fannar (D:12)
  A catoblepas (D:13)
  A centaur warrior (D:12)
  7 two-headed ogres
  An ogre mage (D:15)
  3 tengu warriors
  6 death yaks
  9 orc high priests
  A soul eater (Orc:2)
  18 slime creatures
  A spriggan (Lair:6)
  Nergalle (D:12)
  An unseen horror (D:11)
  A gelid demonspawn (Orc:2)
  A lindwurm (Lair:4)
  A swamp dragon (Lair:6)
  2 infernal demonspawn (Orc:2)
  A mana viper (shapeshifter) (D:13)
  A necromancer (D:9)
  6 orc sorcerers
  5 oklob plants
  6 orc knights
  2 ugly things
  9 orb spiders
  13 wolf spiders
  A manticore (D:11)
  A moth of wrath (Spider:2)
  A worldbinder (Abyss:3)
  2 cyclopes
  A guardian serpent (Lair:5)
  6 elephants
  2 ice statues (IceCv)
  Psyche (D:11)
  The ghost of libidonplus the Cleaver, a novice DDFi (D:4)
  2 rust devils (Orc:2)
  2 torpor snails
  8 black mambas
  17 spiny frogs
  An apocalypse crab (Abyss:3)
  4 gargoyles
  Joseph (D:10)
  A smoke demon (Orc:2)
  A naga mage (D:15)
  A spiny frog (shapeshifter) (D:15)
  3 centaur skeletons (D:14)
  An efreet (D:13)
  2 freezing wraiths
  12 demonic crawlers
  6 rime drakes
  A tengu conjurer (D:15)
  An ancient zyme (Abyss:3)
  10 trolls
  2 queen bees
  4 komodo dragons
  4 hornets
  12 polar bears (IceCv)
  23 jumping spiders
  6 meliai
  9 hippogriffs
  A raiju (Abyss:3)
  2 blink frogs (Lair:4)
  A snapping turtle (Lair:4)
  5 dream sheep (Lair:6)
  A hippogriff (shapeshifter) (D:13)
  44 redbacks
  2 shadows
  4 vampires
  10 wyverns
  A large abomination (Abyss:3)
  A ynoxinul (Abyss:3)
  4 small abominations (Abyss:3)
  18 tarantellas
  59 yaks
  3 hungry ghosts
  2 neqoxecs (Orc:2)
  3 basilisks
  2 vampire mosquitoes (D:13)
  4 steam dragons
  2 wargs
  Edmund (D:6)
  6 insubstantial wisps (Abyss:3)
  2 soldier ants
  3 acid dragons
  25 water moccasins
  A floating eye (shapeshifter) (D:15)
  A hell hound (Abyss:3)
  5 porcupines
  4 ice beasts
  35 orc warriors
  5 phantoms
  3 black bears
  2 necrophages
  2 sky beasts
  19 ogres
  A swamp drake (Lair:6)
  5 starcursed masses (Abyss:3)
  49 wolves
  16 centaurs
  18 crocodiles
  3 big kobolds
  16 bullfrogs
  A wyvern zombie (D:14)
  A wyvern skeleton (D:11)
  3 scorpions
  70 killer bees
  A wight (D:6)
  2 troll zombies (D:10)
  6 howler monkeys
  3 electric eels
  4 crimson imps
  4 centaur zombies
  6 jellies
  A quasit (D:6)
  A bullfrog zombie (D:12)
  5 hounds
  A gnoll shaman (Orc:1)
  36 orc priests
  18 orc wizards
  6 iguanas
  Ijyb (D:4)
  2 hell rats (Lair:4)
  2 yak simulacra (D:9)
  3 polar bear simulacra (D:9)
  12 worker ants
  2 wolf simulacra (D:9)
  A killer bee zombie (D:10)
  4 ogre zombies (D:10)
  A hound zombie (D:11)
  A hound skeleton (D:5)
  Robin (D:3)
  A worker ant zombie (D:11)
  11 adders
  4 gnolls (Orc:1)
  4 shadow imps
  2 white imps (Abyss:3)
  An ufetubus (Abyss:3)
  An ooze (Abyss:3)
  An adder skeleton (D:4)
  2 worms
  5 dart slugs
  2 leopard geckos
  94 orcs
  11 bats
  2 giant cockroaches
  16 goblins
  8 hobgoblins
  10 jackals
  4 quokkas
  3 frilled lizards
  A goblin zombie (D:10)
  2 hobgoblin skeletons (D:10)
  2 hobgoblin zombies (D:10)
  27 kobolds
  2 orc skeletons (D:10)
  11 orc zombies (D:10)
  A quokka zombie (D:5)
  9 rats
  4 river rat simulacra (D:9)
  5 bushes (Lair:5)
  A fungus (Lair:1)
  A lurking horror (Abyss:3)
  5 plants
1116 creatures vanquished.

Vanquished Creatures (others)
  A large abomination (Abyss:3)
  A redback (Spider:2)
  24 fungi
  13 plants
  2 starspawn tentacles (Abyss:3)
41 creatures vanquished.

Grand Total: 1157 creatures vanquished

Notes
Turn   | Place    | Note
-------+----------+-------------------------------------------
     0 | D:1      | Peloso the Minotaur Fighter began the quest for the Orb.
     0 | D:1      | Reached XP level 1. HP: 19/19 MP: 0/0
   109 | D:1      | Reached XP level 2. HP: 26/27 MP: 1/1
   278 | D:1      | Reached skill level 4 in Shields
   760 | D:1      | Reached XP level 3. HP: 33/33 MP: 2/2
  1032 | D:2      | Found a hide-covered altar of Uskayaw.
  1330 | D:2      | Reached XP level 4. HP: 19/41 MP: 3/3
  1596 | D:2      | Found an opulent altar of Gozag.
  1615 | D:2      | Reached skill level 1 in Dodging
  2073 | D:3      | Reached XP level 5. HP: 28/47 MP: 4/4
  2287 | D:3      | Reached skill level 5 in Shields
  2661 | D:3      | Found a sparkling altar of Nemelex Xobeh.
  2709 | D:3      | Noticed Robin
  2726 | D:3      | Killed Robin
  3140 | D:4      | Reached XP level 6. HP: 52/55 MP: 5/5
  3247 | D:4      | Found a staircase to the Ecumenical Temple.
  3253 | Temple   | Entered the Ecumenical Temple
  3299 | Temple   | Became a worshipper of Warmaster Okawaru
  3350 | D:4      | Reached skill level 5 in Fighting
  3562 | D:4      | Noticed Ijyb
  3575 | D:4      | Killed Ijyb
  3575 | D:4      | Reached skill level 5 in Long Blades
  3631 | D:4      | Found a runed translucent gate.
  3631 | D:4      | Found a runed translucent gate.
  3631 | D:4      | Found a runed translucent gate.
  3631 | D:4      | Noticed libidonplus's ghost (novice DDFi)
  3750 | D:4      | Reached skill level 5 in Armour
  3883 | D:5      | Entered Level 5 of the Dungeon
  3891 | D:5      | Reached skill level 6 in Shields
  3891 | D:5      | Reached XP level 7. HP: 45/61 MP: 6/6
  4501 | D:6      | Found a bloodstained altar of Trog.
  4565 | D:6      | Got an ancient falchion
  4566 | D:6      | Identified the +10 falchion of Inflation {antimagic, rElec
                  | MR- Int+6} (You found it on level 6 of the Dungeon)
  4579 | D:6      | Reached * piety under Okawaru
  4602 | D:6      | Noticed Edmund
  4614 | D:6      | Killed Edmund
  4876 | D:6      | Found a glowing golden altar of the Shining One.
  5164 | D:7      | Noticed Harold
  5190 | D:7      | Reached skill level 1 in Stealth
  5198 | D:7      | Killed Harold
  5198 | D:7      | Reached ** piety under Okawaru
  5198 | D:7      | Reached skill level 7 in Shields
  5198 | D:7      | Reached XP level 8. HP: 11/70 MP: 2/7
  5873 | D:7      | Reached skill level 8 in Shields
  5878 | D:7      | Reached XP level 9. HP: 64/75 MP: 2/8
  6358 | D:4      | Killed libidonplus's ghost
  6699 | D:8      | Found a shadowy altar of Dithmenos.
  6744 | D:8      | Found a shadowy altar of Dithmenos.
  7035 | D:8      | Identified the Grimoire of the Dislocated Volcanoes
  7182 | D:9      | Reached skill level 10 in Long Blades
  7298 | D:9      | Reached *** piety under Okawaru
  7736 | D:9      | Reached skill level 1 in Invocations
  7940 | D:9      | Noticed a necromancer
  7946 | D:9      | Killed a necromancer
  7946 | D:9      | Reached skill level 9 in Shields
  7946 | D:9      | Reached XP level 10. HP: 84/84 MP: 3/10
  7947 | D:9      | Reached **** piety under Okawaru
  8210 | D:10     | Entered Level 10 of the Dungeon
  8210 | D:10     | Noticed Snorg
  8241 | D:10     | Killed Snorg
  8353 | D:10     | Noticed Joseph
  8424 | D:10     | Killed Joseph
  8609 | D:10     | Found Deruggutz's General Store.
  8612 | D:10     | Bought a scroll of noise for 15 gold pieces
  8666 | D:10     | Found a staircase to the Orcish Mines.
  8692 | D:10     | Reached skill level 10 in Shields
  9107 | D:10     | Reached ***** piety under Okawaru
  9449 | D:11     | Noticed a manticore
  9457 | D:11     | Noticed Psyche
  9462 | D:11     | Killed a manticore
  9476 | D:11     | Killed Psyche
  9476 | D:11     | Reached XP level 11. HP: 49/95 MP: 1/11
  9485 | D:11     | Reached skill level 10 in Armour
  9522 | D:11     | Found a frozen archway.
  9537 | IceCv    | Entered an ice cave
  9943 | IceCv    | Received a gift from Okawaru
 10689 | IceCv    | Reached skill level 11 in Shields
 10998 | IceCv    | Received a gift from Okawaru
 11593 | IceCv    | Noticed a white draconian
 11624 | IceCv    | Killed a white draconian
 12407 | D:11     | Found a staircase to the Lair.
 12708 | D:11     | Noticed a cyan ugly thing
 12727 | D:11     | Killed a cyan ugly thing
 12791 | D:11     | Noticed a two-headed ogre
 12798 | D:11     | Killed a two-headed ogre
 12798 | D:11     | Reached ****** piety under Okawaru
 12798 | D:11     | Reached XP level 12. HP: 64/105 MP: 4/12
 12961 | D:11     | Reached skill level 12 in Shields
 13121 | D:11     | Noticed a two-headed ogre
 13129 | D:11     | Killed a two-headed ogre
 13129 | D:11     | Received a gift from Okawaru
 13133 | D:11     | Got an emerald-encrusted ring mail {god gift}
 13144 | D:11     | Identified the +3 ring mail of Springtime {*Slow rN+ Regen+
                  | MP+9} (Okawaru gifted it to you on level 11 of the Dungeon)
 13174 | D:12     | Noticed Nergalle
 13391 | D:12     | Noticed Fannar
 13405 | D:12     | Killed Fannar
 13448 | D:12     | Killed Nergalle
 13645 | D:12     | Noticed a centaur warrior
 13663 | D:12     | Killed a centaur warrior
 13717 | D:12     | Reached skill level 13 in Shields
 13739 | D:12     | Reached skill level 10 in Fighting
 14404 | D:12     | Found Derhana's Food Shop.
 14630 | Lair:1   | Entered Level 1 of the Lair of Beasts
 15904 | Lair:2   | Found a runed translucent gate.
 15924 | Lair:2   | Noticed a death yak
 15924 | Lair:2   | Noticed a death yak
 15924 | Lair:2   | Noticed a death yak
 15924 | Lair:2   | Noticed a death yak
 15924 | Lair:2   | Noticed a death yak
 15924 | Lair:2   | Noticed a death yak
 15929 | Lair:2   | Reached skill level 14 in Shields
 15948 | Lair:1   | Killed a death yak
 15955 | Lair:1   | Killed a death yak
 15955 | Lair:1   | Reached XP level 13. HP: 64/114 MP: 4/13
 16380 | Lair:2   | Received a gift from Okawaru
 16570 | Lair:2   | Found a runed translucent gate.
 16570 | Lair:2   | Found a runed translucent gate.
 16570 | Lair:2   | Noticed Zoluav's ghost (journeyman TrMo)
 16587 | Lair:2   | Killed Zoluav's ghost
 16952 | Lair:3   | Reached skill level 15 in Shields
 17780 | Lair:3   | Found a hole to the Spider Nest.
 18760 | Lair:3   | Reached skill level 15 in Long Blades
 19157 | Lair:4   | Reached skill level 16 in Shields
 19788 | Lair:4   | Received a gift from Okawaru
 19807 | Lair:4   | Got a translucent scimitar {god gift}
 19844 | Lair:4   | Identified the +5 scimitar of the Sun {elec, rPois Int+2}
                  | (Okawaru gifted it to you on level 4 of the Lair of Beasts)
 19848 | Lair:4   | Found a staircase to the Shoals.
 19856 | Lair:4   | Reached XP level 14. HP: 124/124 MP: 5/14
 20500 | Lair:5   | Found a viscous altar of Jiyva.
 20500 | Lair:5   | Found a staircase to the Slime Pits.
 20580 | Lair:5   | Got a spiked scale mail
 20591 | Lair:5   | Identified the cursed +1 scale mail of Trog's Generosity
                  | {*Slow rF++ Dex+3} (You found it on level 5 of the Lair of
                  | Beasts)
 20957 | Lair:5   | You fall through a shaft!
 20957 | Lair:6   | Entered Level 6 of the Lair of Beasts
 21085 | Lair:6   | Received a gift from Okawaru
 21101 | Lair:5   | Reached skill level 17 in Shields
 22915 | Lair:6   | Received a gift from Okawaru
 24688 | D:13     | Reached XP level 15. HP: 115/135 MP: 16/16
 24699 | D:13     | Reached skill level 18 in Shields
 24730 | D:13     | Noticed Rupert
 24758 | D:13     | Killed Rupert
 24794 | D:13     | Reached skill level 5 in Dodging
 25210 | D:13     | Found a gate to the Vaults.
 25310 | D:13     | Found an ornate altar of the Wu Jian Council.
 25315 | D:13     | Noticed Nessos
 25341 | D:13     | Killed Nessos
 25583 | D:14     | Received a gift from Okawaru
 25592 | D:14     | Found Wihuizan's General Store.
 25617 | D:14     | Bought a scroll of identify for 30 gold pieces
 26004 | D:14     | Found a hazy altar of Hepliaklqana.
 26603 | D:14     | You are sucked into a shaft!
 26603 | D:15     | Entered Level 15 of the Dungeon
 26635 | D:15     | Noticed Roxanne
 26655 | D:15     | Killed Roxanne
 27066 | Orc:1    | Entered Level 1 of the Orcish Mines
 27794 | Orc:1    | Received a gift from Okawaru
 27900 | Orc:1    | Found a roughly hewn altar of Beogh.
 28445 | Orc:2    | Entered Level 2 of the Orcish Mines
 29138 | Orc:2    | Found a staircase to the Elven Halls.
 29305 | Orc:2    | Found Teahucw's Book Emporium.
 29380 | Orc:2    | Found Wucho's Food Shoppe.
 29399 | Orc:2    | Found Haoffes's General Store.
 29693 | Orc:2    | Gained mutation: Scrolls take you a little longer to read.
                  | [a neqoxec]
 29706 | Orc:2    | Gained mutation: Your magical capacity is low. (-10% MP) [a
                  | neqoxec]
 30021 | Orc:2    | Paralysed by an orc sorcerer for 5 turns
 30505 | Orc:2    | Reached XP level 16. HP: 59/147 MP: 15/15
 31005 | Orc:2    | Found Biapt's Antique Weapon Shop.
 31005 | Orc:2    | Found Teoffom's Book Boutique.
 31005 | Orc:2    | Found a one-way gate leading to the halls of Pandemonium.
 31012 | Orc:2    | Lost mutation: Scrolls take you a little longer to read.
                  | [potion of mutation]
 31012 | Orc:2    | Lost mutation: Your magical capacity is low. (-10% MP)
                  | [potion of mutation]
 31012 | Orc:2    | Gained mutation: You have supernaturally acute eyesight.
                  | (SInv) [potion of mutation]
 31012 | Orc:2    | Gained mutation: You are partially covered in molten
                  | scales. (AC +2) [potion of mutation]
 31012 | Orc:2    | Gained mutation: You are partially covered in thin metallic
                  | scales. (AC +2) [potion of mutation]
 31144 | D:14     | Reached skill level 19 in Shields
 31342 | D:15     | Found a staircase to the Depths.
 31448 | D:15     | Received a gift from Okawaru
 31645 | D:15     | Noticed Jorgrun
 31673 | D:15     | Killed Jorgrun
 31673 | D:15     | Reached skill level 15 in Fighting
 32916 | Spider:1 | Entered Level 1 of the Spider Nest
 33309 | Spider:1 | Received a gift from Okawaru
 33315 | Spider:1 | Got a dazzling shield {god gift}
 33331 | Spider:1 | Identified the +8 shield of the Hidden Wonders {rCorr
                  | Int+5} (Okawaru gifted it to you on level 1 of the Spider
                  | Nest)
 34363 | Spider:2 | Reached skill level 20 in Shields
 34399 | Spider:2 | Reached skill level 15 in Armour
 35402 | Spider:3 | Noticed Louise
 35402 | Spider:3 | Cast into level 3 of the Abyss (Louise)
 35515 | Abyss:3  | Noticed a bone dragon
 35542 | Abyss:3  | Killed a bone dragon
 35542 | Abyss:3  | Received a gift from Okawaru
 35542 | Abyss:3  | Reached XP level 17. HP: 70/157 MP: 17/19
 35546 | Abyss:3  | Got a fine demon blade {god gift}
 35547 | Abyss:3  | Paralysed by accursed screaming for 1 turns
 35861 | Abyss:3  | Mangled by a chaos spawn

Skill      XL: |  1  2  3  4  5  6  7  8  9 10 11 12 13 14 15 16 |
---------------+-------------------------------------------------+-----
Fighting       | 4 5 6 8 9 10 11 13 14 15 | 15.9
Shields        | 4 5 6 7 8 9 10 11 14 16 17 18 20 | 20.5
Long Blades    | 3 5 8 10 12 14 15 16 17 | 17.8
Armour         | 4 5 6 7 8 9 10 11 12 13 14 15 | 15.1
Dodging        | 1 2 3 4 5 6 |  6.8
Stealth        | 1 2 3 |  3.0
Invocations    | 1 2 3 4 |  4.1
Unarmed Combat | |  0.1
Evocations     | |  0.9

Action                   |  1- 3 |  4- 6 |  7- 9 | 10-12 | 13-15 | 16-18 || total
-------------------------+-------+-------+-------+-------+-------+-------++-------
Melee: Long sword        |    93 |   219 |    29 |       |       |       ||   341
       Headbutt          |    21 |    44 |    43 |   208 |   405 |   177 ||   898
       Falchion          |       |       |   199 |   772 |   445 |       ||  1416
       Unarmed           |       |       |       |     4 |       |       ||     4
       Scimitar          |       |       |       |       |  1160 |   637 ||  1797
Invok: Heroism           |       |       |     1 |    11 |    18 |     7 ||    37
       Finesse           |       |       |       |       |     3 |     1 ||     4
Evoke: Wand              |       |       |       |       |     9 |       ||     9
  Use: Scroll            |       |     1 |     7 |     8 |    12 |     7 ||    35
       Potion            |       |       |       |     5 |     3 |    11 ||    19
 Stab: Confused          |       |       |       |       |     1 |       ||     1
  Eat: Chunk             |     1 |     8 |    13 |    40 |    60 |    18 ||   140
Armor: Scale mail        |    58 |     8 |       |       |       |       ||    66
       Chain mail        |       |    96 |    67 |       |    69 |   321 ||   553
       Plate armour      |       |       |    24 |   261 |   449 |       ||   734
       Skin              |       |       |       |     4 |       |       ||     4
Dodge: Dodged            |    35 |    45 |    50 |   239 |   303 |   251 ||   923
       Deflected         |       |       |       |       |     3 |     7 ||    10
Block: Shield            |    61 |   105 |   125 |   212 |   578 |   747 ||  1828
       Large shield      |       |       |       |   365 |   606 |       ||   971
       Rpst.: Long sword |     9 |    15 |     4 |       |       |       ||    28
       Falchion          |       |       |    14 |    48 |    16 |       ||    78
       Scimitar          |       |       |       |       |    64 |    50 ||   114
